[Event "*** Titled Tuesday Blitz"]
[Site "Chess.com"]
[Date "2019.12.03"]
[Round "8"]
[White "tteshan"]
[Black "Kildepiotr"]
[Result "1-0"]
[WhiteElo "2362"]
[BlackElo "2473"]
[TimeControl "180+2"]
[EndTime "14:53:24 PST"]
[Termination "tteshan won by resignation"]

1. d4 c5 2. d5 e5 3. c4 d6 4. Nc3 Be7 5. e4 Bg5 6. Bd3 Bxc1 7. Rxc1 Ne7 8. Nge2 O-O 9. O-O Nd7 10. Ng3 Nf6 11. a3 Ng6 12. b4 b6 13. bxc5 bxc5 14. Rb1 Nf4 15. Bc2 Bd7 16. Nf5 Qc7 17. Nb5 Bxb5 18.
Rxb5 g6 19. Ng3 Rab8 20. a4 a6 21. Rxb8 Rxb8 22. Ne2 Nxe2+ 23. Qxe2 Rb2 24. Qd3 Nh5 25. g3 Qa5 26. Bd1 Nf6 27. Qf3 Kg7 28. Qe3 Qd2 29. Qxd2 Rxd2 30. f3 Nd7 31. Bb3 Rb2 32. Bd1 Nb6 33.
Rf2 Rb1 34. Rf1 Nxc4 35. Be2 Rxf1+ 36. Bxf1 Nb2 37. a5 c4 38. Kf2 f5 39. Ke3 Kf6 40. Kd2 Kg5 41. h4+ Kh5 42. Be2 f4 43. gxf4 exf4 44.
e5 dxe5 45. d6 c3+ 46. Kc2 1-0

[Event "*** Titled Tuesday Blitz"]
[Site "Chess.com"]
[Date "2019.12.03"]
[Round "8"]
[White "gmcorrales"]
[Black "GCamachoMartinez"]
[Result "1/2-1/2"]
[WhiteElo "2727"]
[BlackElo "2464"]
[TimeControl "180+2"]
[EndTime "14:53:31 PST"]
[Termination "Game drawn - insufficient material"]

1. e4 e5 2. Nf3 Nf6 3. Nxe5 d6 4. Nf3 Nxe4 5. Nc3 Nxc3 6. dxc3 Be7 7. Be3 Nc6 8. Qd2 Ne5 9. O-O-O Nxf3 10. gxf3 Be6 11.
Kb1 c6 12. h4 Qa5 13. b3 O-O-O 14. Bd4 c5 15. Bxg7 Rhg8 16. Qh6 Bf8 17. Bxf8 Rgxf8 18. Rxd6 Rxd6 19. Qxf8+ Rd8 20. Qg7 c4 21. Be2 Qf5 22.
Qg5 Qxg5 23. hxg5 cxb3 24. axb3 Rd2 25. Re1 Bf5 26. Bd1 Rxf2 27. Re3 Rg2 28. f4 Rf2 29. Rf3 Bxc2+ 30. Kc1 Rxf3 31. Bxf3 Bxb3 32. Be4 a5 33. Bxh7 b5 34. Bd3 b4 35. cxb4 axb4 36. Kd2 Bd5 37. Ke3 Kd7 38. Kd4 Kd6 39. f5 b3 40. f6 Be6 41.
Be4 b2 42. Bb1 Bd5 43. Kc3 Ke5 44. Kxb2 Kf4 45. Ba2 Kxg5 46. Bxd5 Kxf6 47. Bxf7 1/2-1/2

[Event "*** Titled Tuesday Blitz"]
[Site "Chess.com"]
[Date "2019.12.03"]
[Round "8"]
[White "masrahi"]
[Black "OmaruruBishops"]
[Result "1-0"]
[WhiteElo "1962"]
[BlackElo "1988"]
[TimeControl "180+2"]
[EndTime "14:53:31 PST"]
[Termination "masrahi won by resignation"]

1. c4 Nf6 2. Nc3 e6 3. e4 d5 4. e5 d4 5. exf6 dxc3 6. bxc3 Qxf6 7. d4 c5 8. Nf3 cxd4 9. cxd4 h6 10. Bd3 Bb4+ 11.
Bd2 Bxd2+ 12. Qxd2 O-O 13. O-O Bd7 14. Be4 Bc6 15. d5 exd5 16. cxd5 Bd7 17. Rab1 b6 18. Nd4 Qd6 19. Rfd1 Na6 20. Nc6 Bxc6 21. dxc6 Qxd2 22. Rxd2 Nc5 23. Bf3 Rad8 24. Rbd1 Rxd2 25. Rxd2 Rc8 26. g4 Kf8 27. h4 Ke7 28. Kg2 Rd8 29. Re2+ Ne6 30. Re4 Kd6 31. Ra4 a5 32. Ra3 Kc7 33. Be4 Nd4 34. Rc3 Rd6 35. f4 Nxc6 36. g5 hxg5 37.
fxg5 Kd7 38. Bxc6+ Rxc6 39. Rxc6 Kxc6 40. h5 Kd6 41. h6 gxh6 42. gxh6 b5 43. h7 Kc5 44.
h8=Q a4 45. Qb2 b4 46. Kf3 Kc4 47. Ke4 f5+ 48. Kxf5 b3 49. axb3+ axb3 50. Ke4 1-0

[Event "*** Titled Tuesday Blitz"]
[Site "Chess.com"]
[Date "2019.12.03"]
[Round "8"]
[White "BvsN"]
[Black "Winehouse83"]
[Result "0-1"]
[WhiteElo "2372"]
[BlackElo "2524"]
[TimeControl "180+2"]
[EndTime "14:53:36 PST"]
[Termination "Winehouse83 won on time"]

1. d4 Nf6 2. c4 g6 3. Nc3 Bg7 4. e4 d6 5. Nge2 O-O 6. f3 c6 7.
Be3 a6 8. h4 b5 9. h5 bxc4 10.
hxg6 fxg6 11. Nf4 d5 12. Qd2 g5 13. Nh5 Nxh5 14. Rxh5 h6 15. O-O-O a5 16. Be2 Rf6 17. f4 gxf4 18. Bxf4 Qf8 19. Be5 e6 20. Bxf6 Qxf6 21.
e5 Qg6 22. g4 a4 23. a3 c5 24. dxc5 Nc6 25. Nxd5 exd5 26. Qxd5+ Be6 27. Qxc6 Rc8 28.
Qd6 Bf8 29. Qd2 c3 30. Qd3 cxb2+ 31. Kxb2 Rb8+ 32. Kc1 Qg7 33. Qc3 Qb7 34. Qc2 Kh8 35. Rdh1 Qg7 36. Rxh6+ Qxh6+ 37. Rxh6+ Bxh6+ 38. Kd1 Bb3 39. e6 Rd8+ 0-1

[Event "*** Titled Tuesday Blitz"]
[Site "Chess.com"]
[Date "2019.12.03"]
[Round "8"]
[White "piscatorox"]
[Black "pouya21"]
[Result "0-1"]
[WhiteElo "2293"]
[BlackElo "2738"]
[TimeControl "180+2"]
[EndTime "14:53:38 PST"]
[Termination "pouya21 won by resignation"]

1. e4 c5 2. Nf3 d6 3. d4 cxd4 4. Qxd4 Nf6 5. h3 Nc6 6. Bb5 Qa5+ 7. Nc3 Qxb5 8. Qxf6 gxf6 9. Nxb5 Kd8 10. Be3 h5 11. Ke2 Be6 12. b3 Bd7 13. c4 Bh6 14. Rad1 Bxe3 15. Kxe3 a6 16. Nbd4 Ne5 17. Nxe5 fxe5 18. Ne2 Rc8 19. Nc3 Rg8 20. Nd5 Rxg2 21. Rdg1 Rg6 22. f4 exf4+ 23. Nxf4 Rxg1 24. Rxg1 e6 25. Nxh5 Ke7 26. Nf4 b5 27. cxb5 axb5 28. Rd1 b4 29.
h4 Rh8 30. h5 Bc6 31. Rh1 Rh6 32. Nd3 f5 33. Nxb4 Bxe4 34. Rh4 Kf6 35. a4 Kg5 36. Rh2 Rxh5 37. Rxh5+ Kxh5 38. a5 Kg4 39. Na6 Bh1 40. Nc7 e5 41. b4 Kg3 42. Ke2 f4 43. Kf1 Bg2+ 44. Ke1 f3 45. Ne6 f2+ 0-1

[Event "*** Titled Tuesday Blitz"]
[Site "Chess.com"]
[Date "2019.12.03"]
[Round "8"]
[White "AliKa2810"]
[Black "maciek_92"]
[Result "1-0"]
[WhiteElo "2573"]
[BlackElo "2746"]
[TimeControl "180+2"]
[EndTime "14:53:43 PST"]
[Termination "AliKa2810 won by checkmate"]

1. d4 Nf6 2. c4 e6 3. Nc3 Bb4 4. Qc2 O-O 5. a3 Bxc3+ 6. Qxc3 d5 7. Nf3 b6 8. Bg5 dxc4 9. Qxc4 Ba6 10. Qa4 h6 11.
Bh4 c5 12. dxc5 bxc5 13. Rc1 Qb6 14. Bxf6 gxf6 15. Rc2 Nc6 16. e3 Bxf1 17. Kxf1 Rad8 18. Ke2 Rd5 19. Rhc1 Rfd8 20. b4 Ne5 21. bxc5 Qc7 22. Nxe5 Qxe5 23. Qg4+ Kh7 24. h4 Rd4 25. Qf3 Rxh4 26.
g3 Ra4 27. c6 Kg7 28. c7 Qb5+ 29. Ke1 Rc8 30. Rc5 Qb2 31. Kf1 Rxa3 32. Kg2 Ra2 33.
R1c4 f5 34. Rd4 Qa3 35. Rc6 Qa5 36. Rd7 Ra1 37. Rxe6 Qe1 38. Rxf7+ Kg8 39. Rg6+ Kh8 40. Rxh6+ Kg8 41. Rg6+ Kxf7 42. Qxf5+ Ke7 43. Qe6+ Kf8 44. Rg8# 1-0

[Event "*** Titled Tuesday Blitz"]
[Site "Chess.com"]
[Date "2019.12.03"]
[Round "8"]
[White "joshdaruca"]
[Black "Man-Chuk"]
[Result "0-1"]
[WhiteElo "2716"]
[BlackElo "2921"]
[TimeControl "180+2"]
[EndTime "14:53:45 PST"]
[Termination "Man-Chuk won by resignation"]

1. Nf3 d5 2. g3 e6 3. Bg2 Nf6 4.
c4 dxc4 5. Qa4+ c6 6. Qxc4 b5 7. Qb3 Bb7 8. O-O Qb6 9. d3 c5 10. a4 a6 11. Nc3 b4 12. a5 Qd8 13. Nb1 Nc6 14. Nbd2 Bd6 15. Nc4 O-O 16. e4 Bc7 17. Be3 Nd7 18. Qa4 Qe7 19. Rfc1 Rfd8 20. Bg5 f6 21. Be3 Rab8 22. Bf1 Ba8 23. Nfd2 Rb5 24.
Nb3 e5 25. Nb6 Bxb6 26. axb6 Bb7 27. d4 exd4 28. Bf4 Nxb6 29. Qa2 c4 30. Rxc4 Nxc4 31. Bxc4+ Kh8 32. Bxb5 axb5 33. f3 g5 34. Bd2 Ne5 35. Qa7 Nxf3+ 36. Kf2 Nxd2 37. Nxd2 Ra8 38. Qxa8+ Bxa8 39.
Rxa8+ Kg7 40. Ke2 Qc7 41. Ra1 Qc2 42. b3 d3+ 43. Ke3 Qc5+ 44. Kxd3 Qc3+ 45. Ke2 Qxa1 0-1

[Event "*** Titled Tuesday Blitz"]
[Site "Chess.com"]
[Date "2019.12.03"]
[Round "8"]
[White "Glufs"]
[Black "Everyfishknows"]
[Result "0-1"]
[WhiteElo "2354"]
[BlackElo "2310"]
[TimeControl "180+2"]
[EndTime "14:53:45 PST"]
[Termination "Everyfishknows won by resignation"]

1. Nf3 Nf6 2. c4 g6 3. b3 Bg7 4. Bb2 O-O 5. g3 d6 6. d4 Nc6 7.
d5 Nb8 8. Bg2 e5 9. dxe6 Bxe6 10. Nc3 a5 11. Nd4 Bc8 12. O-O Na6 13. Rc1 Nc5 14. Ndb5 Bf5 15. Re1 Re8 16. Nd4 Bd7 17. e4 Ng4 18. Rc2 Ne5 19. Rd2 a4 20. Nd5 axb3 21.
axb3 Ra2 22. Qb1 Rxb2 23. Qxb2 Ned3 24. Qb1 Nxe1 25. Qxe1 Bxd4 26. Rxd4 Nxb3 27. Rd1 c6 28. Qb4 cxd5 29. Qxb3 dxc4 30. Qxc4 Be6 31. Qb4 Qc7 32. h4 Rd8 33. Rb1 Rd7 34. h5 Qc5 35. Qa4 Qxh5 36. f4 Qc5+ 37. Kh2 Rc7 38. Qa8+ Kg7 39. Qa1+ Qc3 40. Qxc3+ Rxc3 41. Rxb7 Rc2 42. Kg1 d5 43. exd5 Rxg2+ 44. Kxg2 Bxd5+ 0-1

[Event "*** Titled Tuesday Blitz"]
[Site "Chess.com"]
[Date "2019.12.03"]
[Round "8"]
[White "scrapnel"]
[Black "Zq1"]
[Result "1/2-1/2"]
[WhiteElo "2688"]
[BlackElo "2542"]
[TimeControl "180+2"]
[EndTime "14:53:46 PST"]
[Termination "Game drawn by agreement"]

1. Nf3 d5 2. d4 Nf6 3. c4 e6 4. Nc3 Be7 5. Bg5 h6 6. Bxf6 Bxf6 7. e3 O-O 8. Rc1 dxc4 9. Bxc4 Nd7 10. O-O c5 11.
Ne4 cxd4 12. Nxd4 Bxd4 13. Qxd4 Nb6 14. Nd6 Nxc4 15. Rxc4 Qb6 16. Qxb6 axb6 17. Rc7 e5 18. a3 Be6 19. Rxb7 Rab8 20. Rxb8 Rxb8 21. Rd1 Kf8 22. Nb5 Rc8 23. Nc3 Ke7 24. f3 f5 25. Kf2 f4 26. exf4 exf4 27. Rd4 g5 28.
Rb4 Rc6 29. h4 Kf6 30. hxg5+ hxg5 31. Rb5 Kg6 32. a4 Rd6 33. Rxg5+ Kxg5 34. Ne4+ Kf5 35.
Nxd6+ Ke5 36. Ne4 Kd4 37. b4 Kc4 38. a5 bxa5 39. bxa5 Kb5 40. a6 Kb6 41. Nc5 Kxc5 42. a7 Bd5 43. g3 fxg3+ 44. Kxg3 Kb6 45. f4 Kxa7 46. f5 1/2-1/2

[Event "*** Titled Tuesday Blitz"]
[Site "Chess.com"]
[Date "2019.12.03"]
[Round "8"]
[White "visa"]
[Black "Al_Shima"]
[Result "0-1"]
[WhiteElo "2265"]
[BlackElo "2459"]
[TimeControl "180+2"]
[EndTime "14:53:46 PST"]
[Termination "Al_Shima won by resignation"]

1. e4 d5 2. exd5 Nf6 3. Bb5+ Bd7 4. Bc4 Bg4 5. f3 Bc8 6. Nc3 Nbd7 7. d3 Nb6 8. Nge2 Nfxd5 9. Nxd5 Nxd5 10. O-O e6 11. Kh1 Bd6 12. f4 Qh4 13. Qe1 Qxe1 14. Rxe1 O-O 15.
a3 b6 16. f5 c6 17. fxe6 Bxe6 18. Nd4 Bd7 19. Bd2 Rae8 20. Rxe8 Rxe8 21. Re1 Rxe1+ 22. Bxe1 Be5 23. Bf2 Ne7 24. c3 Kf8 25. Nf3 Bf6 26. d4 Bg4 27. Kg1 Bxf3 28. gxf3 Bg5 29. a4 Bc1 30.
Be1 Bxb2 31. Kf2 Bc1 32. Ke2 Bf4 33. h3 Nd5 34. Kd3 f5 35. Bxd5 cxd5 36. c4 dxc4+ 37. Kxc4 Ke7 38. Kb5 Be3 39. Bc3 Kd6 40. Ka6 g5 41.
Kxa7 Kc6 42. Kb8 h5 43. Kc8 h4 44. Kd8 g4 45. fxg4 fxg4 46. hxg4 h3 47. d5+ Kxd5 48. Be1 h2 0-1

[Event "*** Titled Tuesday Blitz"]
[Site "Chess.com"]
[Date "2019.12.03"]
[Round "8"]
[White "Sergey85Rodchenkov"]
[Black "ElGasanov"]
[Result "0-1"]
[WhiteElo "2495"]
[BlackElo "2690"]
[TimeControl "180+2"]
[EndTime "14:53:47 PST"]
[Termination "ElGasanov won by resignation"]

1. e4 c5 2. Nf3 Nc6 3. d4 cxd4 4. Nxd4 e5 5. Nb5 d6 6. N1c3 a6 7. Na3 Be6 8. Nc4 Rb8 9. Ne3 Nf6 10. Ned5 Be7 11.
Bd3 Bxd5 12. exd5 Nb4 13. Bc4 Rc8 14. Bb3 a5 15. Ba4+ Nd7 16. a3 Na6 17. Qg4 g6 18. O-O f5 19. Qe2 O-O 20. Bb5 Nc7 21. Bc4 e4 22. f3 exf3 23. gxf3 Ne5 24. Ba2 Bf6 25. f4 Ng4 26. h3 Bd4+ 27. Kg2 Re8 28. Qd3 Ne3+ 29.
Bxe3 Bxe3 30. Rae1 Ba7 31. Re6 Nxe6 32. dxe6 Qf6 33. Bd5 Qd4 34. Qf3 Qd2+ 35. Kh1 Qxc2 36. Nb5 Bc5 37. Bxb7 Rb8 38. Bc6 Rxe6 39. Bd5 Rxb5 40.
Bxe6+ Kg7 41. Qa8 Rxb2 42. Qg8+ Kh6 43. Qf8+ Kh5 44. Qxf5+ gxf5 0-1

[Event "*** Titled Tuesday Blitz"]
[Site "Chess.com"]
[Date "2019.12.03"]
[Round "8"]
[White "Vyacheslav_N"]
[Black "mitrabhaa"]
[Result "1-0"]
[WhiteElo "2543"]
[BlackElo "2616"]
[TimeControl "180+2"]
[EndTime "14:53:53 PST"]
[Termination "Vyacheslav_N won on time"]

1. e4 c6 2. d4 d5 3. Nd2 dxe4 4. Nxe4 Nf6 5. Nxf6+ exf6 6. c3 Bd6 7. Bd3 O-O 8.
Qc2 Re8+ 9. Ne2 h5 10. Be3 Nd7 11. O-O-O Nb6 12. c4 Bc7 13. Kb1 a5 14. Bh7+ Kh8 15.
Bd3 a4 16. Ng3 h4 17. Nf5 Bxf5 18. Bxf5 Nc8 19. g3 Nd6 20. Bd3 b5 21. c5 Nc8 22.
Be4 Ne7 23. d5 Nxd5 24. Bxd5 cxd5 25. Qf5 Re5 26. Qh3 Re4 27. Qf5 Be5 28. Qxe4 dxe4 29. Rxd8+ Rxd8 30. gxh4 Kg8 31. c6 Kf8 32. h5 Ke7 33. h6 g5 34. h4 g4 35. h7 f5 36.
Rc1 f4 37. c7 Rc8 38. Bxf4 Bxf4 39. h8=Q Rxh8 40. c8=Q Rxc8 41. Rxc8 f5 42. h5 e3 43. fxe3 Bxe3 44. Kc2 Kf7 45. Kd3 f4 46. h6 g3 47.
h7 g2 48. Rg8 1-0

[Event "*** Titled Tuesday Blitz"]
[Site "Chess.com"]
[Date "2019.12.03"]
[Round "8"]
[White "Manukyan_Artak"]
[Black "Heineccius"]
[Result "0-1"]
[WhiteElo "2364"]
[BlackElo "2634"]
[TimeControl "180+2"]
[EndTime "14:53:57 PST"]
[Termination "Heineccius won by resignation"]

1. e4 c5 2. Nf3 e6 3. c3 Nf6 4. e5 Nd5 5. d4 cxd4 6. cxd4 d6 7.
Nc3 Nxc3 8. bxc3 Nc6 9. Bb5 Bd7 10. a4 dxe5 11. dxe5 Qc7 12. O-O a6 13. Bxc6 Bxc6 14. Re1 Be7 15. Ba3 Rd8 16. Nd4 Bxa3 17. Rxa3 O-O 18.
h4 Qe7 19. Rb3 Bd5 20. Rb4 a5 21. Rb5 Qxh4 22. Rxa5 Rc8 23. Re3 Qg5 24. Nf3 Qg4 25. Qd4 Rc4 26. Qxg4 Rxg4 27. Ne1 Rc8 28. f3 Rgc4 29.
Nc2 h5 30. Nb4 Bc6 31. Kh2 Be8 32. Ra7 Rxc3 33. Rxc3 Rxc3 34. Rxb7 Bxa4 35. Kg3 Rb3 36. Rb8+ Kh7 37. Na6 Rxb8 38. Nxb8 Bb5 39. Kf4 Kh6 40. g3 g5+ 41. Ke3 Kg6 42. g4 h4 43. Kf2 f6 44.
exf6 Kxf6 45. Ke3 Ke7 46. f4 gxf4+ 47. Kxf4 e5+ 48. Kxe5 h3 49. g5 h2 50. g6 h1=Q 0-1

[Event "*** Titled Tuesday Blitz"]
[Site "Chess.com"]
[Date "2019.12.03"]
[Round "8"]
[White "Bulldog167"]
[Black "IMTominho"]
[Result "0-1"]
[WhiteElo "2884"]
[BlackElo "2731"]
[TimeControl "180+2"]
[EndTime "14:53:59 PST"]
[Termination "IMTominho won by resignation"]

1. d4 d5 2. c4 c6 3. cxd5 cxd5 4. Bf4 Nf6 5. e3 Qb6 6. Nc3 Qxb2 7. Bb5+ Nc6 8. Nge2 e6 9. O-O Qb4 10. Rb1 Qa5 11. e4 Be7 12. exd5 Nxd5 13. Nxd5 exd5 14.
Qb3 O-O 15. Qxd5 Be6 16. Qe4 Rfd8 17. Bd3 g6 18. Rxb7 Bd5 19. Qe3 Re8 20. Rb5 Qd8 21.
Qg3 Nb4 22. Rb1 Nxd3 23. Qxd3 Rc8 24. Qd2 Bf6 25. Be5 Bxe5 26. dxe5 Bc4 27. Qxd8 Rcxd8 28. R5b2 Rxe5 29. Ng3 a5 30. h3 h5 31. Nf1 a4 32.
Ne3 Be6 33. Rb8 Rxb8 34. Rxb8+ Kg7 35. a3 Rc5 36. Rb4 Bb3 37. Kh2 Kf6 38. Rb6+ Ke5 39. g4 hxg4 40. hxg4 Kd4 41. Kg3 Kc3 42. f4 Kb2 43. f5 gxf5 44. Nxf5 Kxa3 45. Nd4 Rd5 46. Nb5+ Kb2 47. Rb7 a3 0-1

[Event "*** Titled Tuesday Blitz"]
[Site "Chess.com"]
[Date "2019.12.03"]
[Round "8"]
[White "ferdipy"]
[Black "Noam_Vitenberg"]
[Result "0-1"]
[WhiteElo "2181"]
[BlackElo "2319"]
[TimeControl "180+2"]
[EndTime "14:53:59 PST"]
[Termination "Noam_Vitenberg won by checkmate"]

1. e4 e6 2. d4 d5 3. e5 c5 4. c3 Nc6 5. Nf3 Nh6 6. Be2 Nf5 7. a3 cxd4 8. cxd4 Qb6 9. Kf1 Ncxd4 10. Nc3 Nxe2 11.
Qxe2 Be7 12. g4 Nd4 13. Nxd4 Qxd4 14. f4 Bd7 15. Be3 Qc4 16. Qxc4 dxc4 17. Kf2 O-O 18. Rhd1 Bc6 19. Rac1 b5 20. Ne2 Bh4+ 21. Kf1 Bf3 22. Rd7 Bxg4 23. Nd4 a6 24. Kg2 Rfd8 25. Rb7 Bf5 26. Nxf5 exf5 27. b3 Rd3 28. Bc5 Rxb3 29.
Rd1 Rd3 30. Rxd3 cxd3 31. Rd7 Rc8 32. Bb4 Rc4 33. Kf3 g5 34. fxg5 Bxg5 35. Rxd3 Rf4+ 36. Kg3 Rg4+ 37. Kf3 Rh4 38. Kg2 Bf4 39. Be7 Rg4+ 40.
Kf3 Bxe5 41. Rd8+ Kg7 42. Ra8 Ra4 43. h4 f6 44. h5 Kh6 45. Rh8 Rf4+ 46. Ke3 Re4+ 47.
Kf3 Rf4+ 48. Ke3 Rc4 49. Kf3 Kxh5 50. Rxh7+ Kg6 51. Rh8 Rc3+ 52. Kg2 f4 53. Ra8 f3+ 54. Kf2 Bd4+ 55. Kg3 f2+ 56. Kg2 Rg3+ 57. Kxg3 f1=Q 58. Rxa6 Be5+ 59. Kh4 Qf4+ 60. Kh3 Qg3# 0-1

[Event "*** Titled Tuesday Blitz"]
[Site "Chess.com"]
[Date "2019.12.03"]
[Round "8"]
[White "TigrVShlyape"]
[Black "chessdjw"]
[Result "1-0"]
[WhiteElo "2849"]
[BlackElo "2678"]
[TimeControl "180+2"]
[EndTime "14:54:02 PST"]
[Termination "TigrVShlyape won by resignation"]

1. d4 Nf6 2. Nf3 d5 3. Bf4 c5 4.
e3 Nc6 5. Nbd2 cxd4 6. exd4 Bf5 7. c3 e6 8. Bb5 Rc8 9. O-O Nd7 10. Re1 Be7 11. a4 a6 12. Bf1 g5 13. Be5 Ndxe5 14. Nxe5 Nxe5 15. Rxe5 Bd6 16. Re1 g4 17. c4 Bb8 18.
Qb3 dxc4 19. Nxc4 Qxd4 20. Rad1 Qc5 21. Qxb7 O-O 22. b4 Qc7 23. Qxc7 Bxc7 24. Nd6 Rb8 25. Nxf5 exf5 26. Rd7 Bd8 27. b5 axb5 28. Bxb5 Ba5 29.
Re5 Rbe8 30. Rdd5 Rxe5 31. Rxe5 Rd8 32. g3 Rd2 33. Rxf5 Bb6 34. Bc4 Kg7 35. a5 Bd4 36. Rxf7+ Kg6 37. Rf4 h5 38. a6 Bb6 39. Kg2 Rb2 40.
Bd3+ Kg7 41. Rf5 Ra2 42. Rf7+ Kxf7 43. Bc4+ Kf6 44. Bxa2 Kg5 45. f4+ gxf3+ 46. Kxf3 h4 47. g4 Ba7 48. h3 Bg1 49. Ke4 Kf6 50. Kd5 Kg5 51. Kc6 Kf4 52. Be6 Kg3 53. g5 Be3 54. g6 Bd4 55. a7 Bxa7 56. g7 Kh2 57. g8=Q Bf2 58. Bd5 1-0

[Event "*** Titled Tuesday Blitz"]
[Site "Chess.com"]
[Date "2019.12.03"]
[Round "8"]
[White "Eloist"]
[Black "SCIM"]
[Result "0-1"]
[WhiteElo "2383"]
[BlackElo "2517"]
[TimeControl "180+2"]
[EndTime "14:54:06 PST"]
[Termination "SCIM won on time"]

1. e4 c5 2. d3 Nc6 3. f4 g6 4.
Nf3 Bg7 5. Be2 Nf6 6. O-O O-O 7. c3 d5 8. e5 Ne8 9. d4 Bg4 10. Be3 Bxf3 11. Bxf3 cxd4 12. cxd4 e6 13. Nc3 Nc7 14. Rc1 Rc8 15. Na4 Na6 16. Be2 Qa5 17. Bd2 Qd8 18. Be3 Re8 19. a3 Bf8 20. b4 Ne7 21. Bb5 Nf5 22. Bf2 Re7 23. g4 Nh6 24. Bh4 Rxc1 25. Qxc1 Nxg4 26. Bxe7 Qxe7 27. Qd2 h5 28. h3 Nh6 29.
Bd3 Qh4 30. Kg2 Nb8 31. Qf2 Qd8 32. Rc1 Nc6 33. Nc5 Bxc5 34. Rxc5 Kg7 35. b5 Ne7 36. Qc2 Nef5 37. Rc8 Qe7 38. Rc7 Qxa3 39. Qc3 Qa2+ 40.
Bc2 b6 41. Kf3 h4 42. Rc8 Kh7 0-1

[Event "*** Titled Tuesday Blitz"]
[Site "Chess.com"]
[Date "2019.12.03"]
[Round "8"]
[White "WPWPWP-2015"]
[Black "Lovkov_Roman"]
[Result "0-1"]
[WhiteElo "2538"]
[BlackElo "2754"]
[TimeControl "180+2"]
[EndTime "14:54:10 PST"]
[Termination "Lovkov_Roman won by checkmate"]

1. d4 c5 2. Nf3 cxd4 3. Nxd4 d5 4. Nb5 a6 5. N5c3 Nf6 6. Bg5 d4 7. Bxf6 exf6 8. Ne4 Qb6 9. Nbd2 f5 10. Ng5 Qxb2 11.
Rb1 Qc3 12. Rb3 Qa5 13. g3 Be7 14. Nf3 Nc6 15. Bg2 O-O 16. O-O Be6 17. Rd3 Qxa2 18. Nxd4 Nxd4 19. Rxd4 Rad8 20. c3 Bc5 21. Rd3 b5 22.
Nf3 Bb6 23. Nd4 Bxd4 24. cxd4 Bc4 25. Rd2 Qa5 26. d5 Rd6 27. Qc2 Rfd8 28. Rfd1 g6 29. g4 fxg4 30. e4 f6 31. h3 gxh3 32. Bxh3 Kg7 33.
Be6 Qb6 34. Qc3 Rf8 35. Bh3 Qd8 36. Bg2 Qe7 37. f4 Re8 38. Qd4 Kg8 39. Rc1 a5 40.
Rf2 a4 41. Re1 Rxd5 42. Qc3 Rd3 43. Qc2 Qc5 44. Rc1 Red8 45. Qb2 Rd2 46. Rxc4 Qxf2+ 47. Kh2 Qxg2# 0-1

[Event "*** Titled Tuesday Blitz"]
[Site "Chess.com"]
[Date "2019.12.03"]
[Round "8"]
[White "Jbd735"]
[Black "IMRosen"]
[Result "0-1"]
[WhiteElo "2436"]
[BlackElo "2592"]
[TimeControl "180+2"]
[EndTime "14:54:10 PST"]
[Termination "IMRosen won on time"]

1. d4 d5 2. c3 Nf6 3. Bf4 e6 4. e3 c5 5. Nd2 Nc6 6. Ngf3 cxd4 7.
exd4 Nh5 8. Be3 Bd6 9. Bd3 Nf4 10. Bxf4 Bxf4 11. O-O O-O 12. Re1 b6 13. Qe2 Bb7 14. Ne5 Nxe5 15. dxe5 Bh6 16. Nf3 Rc8 17. Rad1 Qe8 18.
Nd4 Rc7 19. Nb5 Re7 20. Nxa7 d4 21. Nb5 Qa8 22. Nxd4 Bxg2 23. f3 Bh3 24. Qe4 f5 25. exf6 Qxe4 26. Rxe4 Rxf6 27. Bc4 Kf8 28. Kf2 e5 29.
Nb5 Bf4 30. Rd8+ Re8 31. Rxe8+ Kxe8 32. a4 Bxh2 33. Rh4 Rh6 34. Rxh6 gxh6 35. Nd6+ Kd7 36. Ne4 Bf4 37. b4 Kc7 38. a5 Bf5 39. Nf6 bxa5 40.
Nd5+ Kb7 41. Nxf4 exf4 42. bxa5 h5 43. Kg2 h4 44. Kh2 h6 45. Bf1 Kc6 0-1

[Event "*** Titled Tuesday Blitz"]
[Site "Chess.com"]
[Date "2019.12.03"]
[Round "8"]
[White "LonesomeGeorge1"]
[Black "HouseOfDurin"]
[Result "1-0"]
[WhiteElo "2317"]
[BlackElo "2127"]
[TimeControl "180+2"]
[EndTime "14:54:13 PST"]
[Termination "LonesomeGeorge1 won by resignation"]

1. e4 c5 2. Nf3 Nc6 3. Bb5 g6 4. Bxc6 bxc6 5. O-O Bg7 6. Re1 e5 7. c3 Ne7 8. d4 cxd4 9. cxd4 exd4 10. Nxd4 O-O 11. Nc3 Rb8 12. Nb3 d5 13. Bf4 Rb4 14. a3 Bxc3 15. bxc3 Rxe4 16. Bh6 Rxe1+ 17. Qxe1 Re8 18.
Qd2 Nf5 19. Bg5 f6 20. Bf4 Qe7 21. h3 g5 22. Bg3 Nxg3 23. fxg3 Qe3+ 24. Qxe3 Rxe3 25.
Nd4 Rxg3 26. Nxc6 Kf7 27. Nxa7 Rxc3 28. Nxc8 Rxc8 29. Kf2 d4 30. a4 Rc6 31. a5 Ra6 32. Ke2 Ke6 33. Kd3 Ke5 34. g4 Kd5 35. Rf1 Ke6 36.
Ra1 Kd5 37. Rf1 Ke6 38. Rf5 Rd6 39. Rb5 Kd7 40. Rb6 Rd5 41. a6 Ra5 42. Rxf6 Ra3+ 43.
Kxd4 Rxh3 44. a7 Ra3 45. Rf7+ Kc6 46. Rxh7 Kb6 47. Ke5 Rxa7 48. Rxa7 Kxa7 49. Kf6 Kb6 50. Kxg5 Kc7 51. Kh6 Kd8 52. Kh7 Ke8 53. g5 Ke7 54. g6 1-0

[Event "*** Titled Tuesday Blitz"]
[Site "Chess.com"]
[Date "2019.12.03"]
[Round "8"]
[White "Supernotar"]
[Black "MatthewG-p4p"]
[Result "0-1"]
[WhiteElo "2639"]
[BlackElo "2783"]
[TimeControl "180+2"]
[EndTime "14:54:16 PST"]
[Termination "MatthewG-p4p won by checkmate"]

1. d4 Nf6 2. c4 c5 3. Nf3 cxd4 4. Nxd4 e5 5. Nb5 d5 6. cxd5 Bc5 7. N5c3 O-O 8. g3 e4 9. Bg2 Re8 10. O-O Bf5 11. Be3 Bxe3 12. fxe3 Bg6 13. Qd4 Nbd7 14.
Nd2 Qb6 15. Nc4 Qa6 16. a4 Rac8 17. Nb5 Red8 18. Rfc1 Nc5 19. Ncd6 Rxd6 20. Nxd6 Qxd6 21. b4 b6 22. bxc5 bxc5 23. Qc4 h5 24. Bh3 Rc7 25. Rab1 a6 26. Rb8+ Kh7 27. Rc8 Rb7 28. Qxc5 Qe5 29. d6 Qb2 30. Rc7 Rb8 31. d7 Qxe2 32. Bf1 Qd2 33. Rc8 Nxd7 34. Rxb8 Nxc5 35. Rbb1 Qxe3+ 36. Kg2 Qf3+ 37. Kg1 Qe3+ 38. Kg2 Nd3 39. Rd1 Qf2+ 40. Kh1 Qf3+ 41. Kg1 Qf2+ 42. Kh1 Ne5 43. Bg2 Ng4 44. Rf1 Qd4 45. h3 Ne3 46. Rg1 Nf5 47. Kh2 Qe5 48. Bh1 Nxg3 49. Kg2 e3 50. Rbe1 Be4+ 51. Kh2 Nf1# 0-1

[Event "*** Titled Tuesday Blitz"]
[Site "Chess.com"]
[Date "2019.12.03"]
[Round "8"]
[White "kleopl"]
[Black "Kosche007"]
[Result "1-0"]
[WhiteElo "2481"]
[BlackElo "2317"]
[TimeControl "180+2"]
[EndTime "14:54:19 PST"]
[Termination "kleopl won by checkmate"]

1. c4 g6 2. Nc3 Bg7 3. g3 Nf6 4. Bg2 O-O 5. e4 c5 6. Nge2 Nc6 7. O-O Ne8 8. d3 Nc7 9. f4 Ne6 10. f5 Ned4 11. g4 Rb8 12. Ng3 b5 13. cxb5 Nxb5 14. Nd5 e6 15. f6 Bh8 16. g5 exd5 17. exd5 Ne5 18. d6 Bb7 19. Bf4 Bxg2 20. Kxg2 Re8 21. h4 Nxd6 22. b3 Qb6 23. h5 Qc6+ 24. Kh3 Qd5 25. Qc2 Qe6+ 26. Kg2 Ng4 27. Rae1 Qd5+ 28.
Kh3 Ne5 29. Qg2 Qe6+ 30. Kh2 Ng4+ 31. Kg1 Qxe1 32. Rxe1 Rxe1+ 33. Nf1 Rbe8 34. Qxg4 Nf5 35. hxg6 hxg6 36. Kf2 Ra1 37. a4 Ra2+ 38. Nd2 d5 39. Qf3 Nd4 40. Qxd5 Re2+ 41. Kg3 Nf5+ 42. Kf3 Rexd2 43.
Bxd2 Rxd2 44. Qd8+ Kh7 45. Ke4 Re2+ 46. Kd5 Re3 47.
Kxc5 Rg3 48. Qe8 Rxg5 49. Qxf7+ Kh6 50. Qf8+ Kh7 51. f7 Bd4+ 52. Kc6 Ng7 53. Qg8+ Kh6 54.
Qh8# 1-0

[Event "*** Titled Tuesday Blitz"]
[Site "Chess.com"]
[Date "2019.12.03"]
[Round "8"]
[White "Olga_Zhuravleva"]
[Black "przemekpiotrowski"]
[Result "0-1"]
[WhiteElo "2248"]
[BlackElo "2430"]
[TimeControl "180+2"]
[EndTime "14:54:19 PST"]
[Termination "przemekpiotrowski won by resignation"]

1. e4 c5 2. Nf3 Nc6 3. Nc3 g6 4.
d4 cxd4 5. Nxd4 Bg7 6. Nb3 Nf6 7. Be2 O-O 8. O-O d6 9. Re1 a6 10. Bf1 b5 11. Bg5 Bb7 12. Nd5 Nxd5 13. exd5 Ne5 14. c3 h6 15. Bh4 Re8 16. Rc1 Rc8 17. h3 Qd7 18. Rc2 Qf5 19. Nd4 Qd7 20. Nf3 Rc5 21. Rd2 Qf5 22. Nd4 Qd7 23. Nb3 Rc7 24. Kh1 Qf5 25. Bg3 Nc4 26. Bxc4 bxc4 27. Nc1 Rd7 28. Ne2 Be5 29. f4 Bf6 30. Bf2 Rc8 31.
Be3 Qh5 32. Kh2 g5 33. fxg5 hxg5 34. Qa4 Be5+ 35. Kg1 Rdc7 36. Nd4 Qg6 37. Nf3 Bf6 38.
Qd1 Qf5 39. Bf2 g4 40. hxg4 Qxg4 41. Qe2 Kg7 42. Qe3 Rh8 43. Nh2 Qh5 44. Qg3+ Kf8 45. Red1 Be5 46. Qh3 Qg6 47. Bh4 Bc8 48. g4 Bxh2+ 49.
Qxh2 Qxg4+ 50. Kf1 Rxh4 51. Qf2 Rh1+ 0-1